 Dungeon Crawl Stone Soup version 0.26-a0-524-g073066f631 (webtiles) character file.

Game seed: 15838414178671852202

5 ANON1729 the Insei (level 1, 0/15 HPs)
             Began as a Demonspawn Transmuter on Aug 13, 2020.
             Slain by a bat (1 damage)
             ... on level 1 of the Dungeon.
             The game lasted 00:00:31 (116 turns).

ANON1729 the Insei (Demonspawn Transmuter)           Turns: 116, Time: 00:00:32

Health: 0/15       AC:  2    Str: 10    XL:     1   Next: 66%
Magic:  2/3        EV: 12    Int: 14    God:
Gold:   26         SH:  0    Dex: 13    Spells: 3/4 levels left

rFire    . . .     SeeInvis .     - Unarmed
rCold    . . .     Faith    .   (no shield)
rNeg     . . .     Spirit   .   a - +0 robe
rPois    .         Reflect  .   (helmet currently unavailable)
rElec    .         Harm     .   (no cloak)
rCorr    .                      (no gloves)
MR       .....                  (boots currently unavailable)
Stlth    +.........             (no amulet)
HPRegen  0.05/turn              (no ring)
MPRegen  0.08/turn              (no ring)

@: appendages (expiring)
A: horns 2, talons 2
a: End Transformation


You were on level 1 of the Dungeon.
You had grown temporary horns.
You had grown temporary talons.
You visited 1 branch of the dungeon, and saw 1 of its levels.

You collected 26 gold pieces.

Inventory:

Armour
 a - a +0 robe (worn)
Potions
 b - a potion of degeneration {unknown}


   Skills:
 + Level 1.1 Fighting
 + Level 1.9 Dodging
 * Level 2.7 Unarmed Combat
 + Level 2.0 Spellcasting
 * Level 1.9 Transmutations


You had 3 spell levels left.
You knew the following spells:

 Your Spells              Type           Power        Failure   Level
a - Beastly Appendage     Tmut           #.....       11%         1

Your spell library contained the following spells:

 Spells                   Type           Power        Failure   Level
 Wereblood                Tmut           #.......     16%         2
 Spider Form              Tmut/Pois      #.........   43%         3
 Ice Form                 Ice/Tmut       #.......     85%         4
 Blade Hands              Tmut           #.........   96%         5


Dungeon Overview and Level Annotations

Branches:
Dungeon (1/15)

Altars:


Innate Abilities, Weirdness & Mutations

You have a pair of horns on your head.
You have razor-sharp toenails.


Message History

The bat barely misses you. The kobold closely misses you.
You closely miss the kobold. Your kick misses the kobold.
The kobold is moderately wounded.
The bat closely misses you.
You miss the kobold.
The kobold is moderately wounded.
The bat hits you but does no damage. The kobold hits you with a +0 club.
* * * LOW HITPOINT WARNING * * *
You hit the kobold.
You kill the kobold!
The bat hits you but does no damage.
Your transformation is almost over.
The bat hits you.
* * * LOW HITPOINT WARNING * * *
Things that are here:
a +0 club; a kobold corpse You miss the bat.
The bat is heavily wounded.
The bat hits you.
You die...

.. ..... ....(
....#########
#..........# .
+..........#
..##..........#
.........@##
##.......b.# #.......#
.).......#.## #.......#
.........#..# #.......#
.....$......###.......#
........†....##.......#
...........#.##.......#
...........#..#.......#
...........##.#†...>..#


You could see a bat.

Vanquished Creatures
  A giant cockroach (D:1)
  A goblin (D:1)
  A hobgoblin (D:1)
  A kobold (D:1)
  A rat (D:1)
5 creatures vanquished.

Notes
Turn   | Place    | Note
-------+----------+-------------------------------------------
     0 | D:1      | ANON1729 the Demonspawn Transmuter began the quest for the
                  | Orb.
     0 | D:1      | Reached XP level 1. HP: 15/15 MP: 3/3
   116 | D:1      | Slain by a bat

Illustrated notes

Levels and vault maps discovered:
D:1:      scummos_arrival_forest, layout_basic, minmay_misc_feat_five,
          serial_bayou_lake_a

Action                   || total
-------------------------++-------
Melee: Unarmed           ||    27
       Kick              ||     3
       Headbutt          ||     1
 Cast: Beastly Appendage ||     4
 Stab: Sleeping          ||     1
Armor: Robe              ||     6
Dodge: Dodged            ||    25

Table legend: (Time is in decaauts)
 A = Elapsed time spent in this place.
 B = Non-inter-level travel time spent in this place.
 C = Inter-level travel time spent in this place.
 D = Time resting spent in this place.
 E = Time spent auto-exploring this place.
 F = Levels seen in this place.
 G = Mean time per level.
                   A        B        C        D        E       F      G
               +--------+--------+--------+--------+--------+-----+--------+
         Total |    114 |    114 |      0 |      0 |     63 |   1 |  114.0 |
       Dungeon |    114 |    114 |      0 |      0 |     63 |   1 |  114.0 |
               +--------+--------+--------+--------+--------+-----+--------+

Top non-repeatable levels by time:
     D:1: 114 daAuts
